 Dungeon Crawl Stone Soup version 0.28-a0-863-g8cecda6153 (webtiles) character file.

Game seed: 14340416823147787024

6248 RepHenryClay the Protected (level 10, 0/56 HPs)
             Began as a Gargoyle Fighter on Nov 18, 2021.
             Was a Believer of Okawaru.
             Slain by a boulder beetle (28 damage)
             ... on level 9 of the Dungeon.
             The game lasted 00:20:12 (10875 turns).

RepHenryClay the Protected (Gargoyle Fighter)      Turns: 10875, Time: 00:20:13

Health: 0/56       AC: 24    Str: 23    XL:     10   Next: 93%
Magic:  13/13      EV:  8    Int:  8    God:    Okawaru [**....]
Gold:   377        SH:  0    Dex: 16    Spells: 9/9 levels left

rFire   . . .      SeeInvis +   h - +5 dire flail
rCold   . . .      Faith    .   (shield currently unavailable)
rNeg    + . .      Spirit   .   y - +0 chain mail
rPois   ∞          Reflect  .   i - +1 helmet
rElec   +          Harm     .   (no cloak)
rCorr   .          Rampage  .   o - +1 pair of gloves
Will    .....                   (no boots)
Stlth   ..........              (no amulet)
HPRegen 0.18/turn               s - +6 ring of dexterity
MPRegen 0.13/turn               x - ring of see invisible

@: no status effects
A: sickness immunity, AC +7, negative energy resistance 1, electricity
resistance, torment resistance 1, petrification resistance
a: Renounce Religion, Heroism


You were on level 9 of the Dungeon.
You worshipped Okawaru.
Okawaru was pleased with you.
You visited 2 branches of the dungeon, and saw 10 of its levels.

You collected 377 gold pieces.

Inventory:

Hand Weapons
 a - a +0 flail
 d - a +3 whip
 h - a +5 dire flail (weapon)
Missiles
 g - 26 poisoned darts
 I - a curare-tipped dart (quivered)
Armour
 c - a +0 buckler
 i - a +1 helmet (worn)
 o - a +1 pair of gloves (worn)
 y - a +0 chain mail (worn)
Jewellery
 s - a +6 ring of dexterity (left hand)
 x - a ring of see invisible (right hand)
 G - a ring of flight
Wands
 k - a wand of polymorph (8)
Scrolls
 f - a scroll of magic mapping
 l - a scroll of vulnerability {unknown}
 q - 3 scrolls of teleportation {unknown}
 t - 2 scrolls of noise {unknown}
 w - 2 scrolls of summoning
 z - 3 scrolls of identify {@r1}
 A - 2 scrolls of torment {unknown}
 B - a scroll of enchant weapon {unknown}
 C - 2 scrolls of amnesia
 E - a scroll of blinking
Potions
 b - a potion of magic {unknown}
 e - 3 potions of attraction
 j - a potion of might
 m - a potion of haste
 n - 3 potions of curing
 p - a potion of resistance
 r - 3 potions of brilliance {unknown}
 u - 2 potions of lignification {unknown}
 v - 2 potions of cancellation {unknown}
 D - 2 potions of mutation {unknown}
 F - a potion of ambrosia {unknown}
 H - a potion of flight {unknown}


   Skills:
 - Level 3.2 Fighting
 - Level 9.5 Maces & Flails
 - Level 6.4 Throwing
 + Level 11.5 Armour
 - Level 3.2 Shields
 - Level 5.1 Invocations


You had 9 spell levels left.
You didn't know any spells.
Your spell library contained the following spells:

 Spells                   Type           Power      Damage    Failure   Level
 Frozen Ramparts          Ice            0%         1d2       100%        3
 Ice Form                 Ice/Tmut       0%         N/A       100%        4
 Summon Ice Beast         Ice/Summ       Unusable   N/A       N/A         4

Dungeon Overview and Level Annotations

Branches:
Dungeon (9/15)             Temple (1/1) D:7
   Lair: D:8-11         Orc: D:9-12

Altars:
Elyvilon
Kikubaaqudgha
Nemelex Xobeh
Okawaru
Sif Muna
Vehumet
Xom
Zin

Shops:
D:8 (

Annotations:
D:3 2 runed translucent doors, axecop's ghost, amateur DsAK
D:4 Dowan
D:5 3 runed translucent doors, Bravepunisher's ghost, weakling SpMo
D:7 exclusion: statue


Innate Abilities, Weirdness & Mutations

You are immune to sickness and miasma.
Your stone body is resilient. (AC +7)
You are immune to poison.
You resist negative energy. (rN+)
You are resistant to electric shocks. (rElec)
You are resistant to unholy torment.
You are immune to petrification.


Message History

Okawaru accepts your kill.
You barely miss the steam dragon. You hit the steam dragon.
The steam dragon is lightly wounded.
The steam dragon bites you. The steam dragon closely misses you.
Damage: -9%(-5hp) hp: 54%(30hp)
You sock the steam dragon!
The steam dragon is heavily wounded.
The steam dragon breathes steam at you. The ball of steam misses you.
You closely miss the steam dragon.
The steam dragon is heavily wounded.
You are engulfed in a cloud of scalding steam.
You bludgeon the steam dragon!!
You kill the steam dragon!
Okawaru accepts your kill.
You are engulfed in a cloud of scalding steam.
A boulder beetle comes into view.
Items here: $ ) [[[ ††††.
You feel like a meek peon again. The boulder beetle bites you.
A cyclops comes into view.
Damage: -4%(-2hp) hp: 52%(29hp)
The boulder beetle closely misses you.
Items here: $ ) [[[ ††††.
You are engulfed in a cloud of scalding steam.
The boulder beetle curls into a ball and begins rolling!
Damage: -3%(-2hp) hp: 49%(27hp) Throw: 2 darts (curare)
Press: ? - help, Q - select action, (/) - cycle Shift-Dir - straight line, f - boulder beetle
Aim: a boulder beetle (rolling, 90% to hit)
You throw a curare-tipped dart.
The curare-tipped dart hits the boulder beetle.
The boulder beetle is poisoned.
The boulder beetle convulses.
The boulder beetle seems to slow down.
The boulder beetle is lightly wounded.
You are engulfed in a cloud of scalding steam.
The boulder beetle hits you!!
Ouch! That really hurt!
You die... #.......# ## ## ##......+ .## ##. .####.....# .Z g. # ..........#. h#h

.#
....#####.##.
#)# .# ####
#..##.##.##.#
##..##..#..#
##..###C###..#
##.@B○.....#
###########


You could see a boulder beetle (rolling, very poisoned, slow) and a cyclops.

Vanquished Creatures
  A boulder beetle (D:7)
  2 trolls
  A hornet (D:8)
  A blink frog (shapeshifter) (D:8)
  A wyvern (D:8)
  Sigmund (D:2)
  2 yaks (D:8)
  Menkaure (D:5)
  2 steam dragons (D:9)
  4 orc warriors
  3 water moccasins
  A black bear (D:8)
  2 necrophages (D:5)
  2 sky beasts
  2 ogres (D:5)
  6 centaurs
  A phantom (D:4)
  3 kobold brigands
  2 gnoll sergeants
  5 bullfrogs (D:8)
  3 scorpions
  3 killer bees (D:5)
  4 wights (D:8)
  2 howler monkeys (D:9)
  A centaur zombie (D:9)
  3 jellies
  2 centaur skeletons (D:5)
  6 hounds
  5 iguanas
  An orc wizard (D:8)
  A killer bee zombie (D:8)
  2 hound skeletons (D:5)
  2 howler monkey zombies
  Robin (D:2)
  7 gnolls
  3 howler monkey skeletons
  7 adders
  A shadow imp (D:8)
  2 white imps
  An ufetubus (D:6)
  An adder skeleton (D:4)
  10 orcs
  5 endoplasms
  2 giant cockroaches
  20 goblins
  9 hobgoblins
  5 jackals
  16 kobolds
  4 quokkas
  4 ball pythons
  5 bats
  7 frilled lizards
  5 rats
193 creatures vanquished.

Notes
Turn   | Place    | Note
-------+----------+-------------------------------------------
     0 | D:1      | RepHenryClay the Gargoyle Fighter began the quest for the
                  | Orb.
     0 | D:1      | Reached XP level 1. HP: 14/14 MP: 1/1
    92 | D:1      | Reached XP level 2. HP: 19/19 MP: 2/2
   704 | D:1      | Reached XP level 3. HP: 17/23 MP: 3/3
   789 | D:1      | Reached skill level 4 in Armour
   943 | D:2      | Noticed Sigmund
   949 | D:2      | Killed Sigmund
   950 | D:2      | Reached skill level 5 in Armour
   950 | D:2      | Reached XP level 4. HP: 24/28 MP: 4/4
   950 | D:2      | Reached XP level 5. HP: 28/32 MP: 5/5
  1385 | D:2      | Noticed Robin
  1421 | D:2      | Killed Robin
  1960 | D:3      | Reached XP level 6. HP: 34/37 MP: 6/6
  2029 | D:3      | Found a white marble altar of Elyvilon.
  2030 | D:3      | Found a shimmering blue altar of Sif Muna.
  2251 | D:3      | Found a large runed translucent door.
  2252 | D:3      | Found a large runed translucent door.
  2264 | D:3      | Noticed axecop's ghost (amateur DsAK)
  2655 | D:4      | Noticed Dowan
  2770 | D:4      | Reached skill level 6 in Armour
  2957 | D:5      | Entered Level 5 of the Dungeon
  3003 | D:5      | Found a runed translucent gate.
  3003 | D:5      | Found a runed translucent gate.
  3003 | D:5      | Found a runed translucent gate.
  3004 | D:5      | Noticed Bravepunisher's ghost (weakling SpMo)
  3013 | D:5      | Found a glowing silver altar of Zin.
  3037 | D:5      | Reached skill level 5 in Maces & Flails
  3198 | D:5      | Reached XP level 7. HP: 39/41 MP: 7/7
  3378 | D:5      | Reached skill level 7 in Armour
  3903 | D:5      | Reached XP level 8. HP: 31/46 MP: 8/8
  4131 | D:4      | Reached skill level 8 in Armour
  4798 | D:6      | Noticed Menkaure
  5525 | D:5      | Killed Menkaure
  5858 | D:6      | Reached skill level 9 in Armour
  6565 | D:6      | Reached XP level 9. HP: 50/51 MP: 9/9
  6617 | D:6      | Noticed a troll
  6649 | D:6      | Killed a troll
  7094 | D:7      | Noticed a boulder beetle
  7109 | D:7      | Killed a boulder beetle
  7110 | D:7      | Reached skill level 10 in Armour
  7771 | D:7      | Reached skill level 1 in Throwing
  8057 | D:7      | Found a staircase to the Ecumenical Temple.
  8096 | Temple   | Entered the Ecumenical Temple
  8137 | Temple   | Became a worshipper of Warmaster Okawaru
  8209 | D:7      | Found a radiant altar of Vehumet.
  8741 | D:8      | Reached XP level 10. HP: 50/56 MP: 10/10
  8935 | D:8      | Reached * piety under Okawaru
  8976 | D:8      | Reached skill level 5 in Throwing
  9628 | D:8      | Reached skill level 1 in Invocations
  9673 | D:8      | Reached ** piety under Okawaru
 10549 | D:8      | Reached skill level 5 in Invocations
 10709 | D:8      | Found Zat Bimiba's Weapon Boutique.
 10846 | D:9      | Reached skill level 11 in Armour
 10870 | D:9      | Noticed a boulder beetle
 10871 | D:9      | Noticed a cyclops
 10875 | D:9      | Slain by a boulder beetle

Illustrated notes

Levels and vault maps discovered:
D:1:      lemuel_arrival_funnel, layout_loops_ring
D:2:      layout_loops_cross, uniq_sigmund, uniq_robin
D:3:      layout_loops_ring, nicolae_overflow_squiral,
          ebering_ghost_disaster_area, grunt_ministairs_3
D:4:      layout_basic, uniq_duvessa, uniq_edmund
D:5:      kennysheep_six_static_rooms, layout_basic,
          mainiacjoe_overflow_catwalk, gammafunk_ghost_necromancy
D:6:      layout_cave_pods, uniq_menkaure
D:7:      layout_basic, vehumet_statue, minmay_temple_entry_statues
D:8:      minmay_imperfect_grid, layout_loops_corners, serial_shops,
          nicolae_lakefront_shop
D:9:      minmay_the_grid_octo_triangle [minmay_the_grid_octo_teeth,
          minmay_the_grid_octo_prize_star, minmay_the_grid_octo_checkerflower],
          layout_cave_pods, minmay_hedge_maze
Temple:   dpeg_five_rooms_temple

Skill      XL: |  1  2  3  4  5  6  7  8  9 10 |
---------------+-------------------------------+-----
Armour         | 5 6 7 9 10 11 | 11.5
Maces & Flails | 4 5 6 8 9 |  9.5
Throwing       | 3 6 |  6.4
Invocations    | 5 |  5.1
Fighting       | |  3.2
Shields        | |  3.2

Action                   |  1- 3 |  4- 6 |  7- 9 | 10-12 || total
-------------------------+-------+-------+-------+-------++-------
Melee: Flail             |    74 |   219 |   104 |       ||   397
       Whip              |       |       |   320 |   265 ||   585
       Dire flail        |       |       |       |    98 ||    98
Throw: Dart              |       |     1 |    31 |     4 ||    36
Invok: Heroism           |       |       |       |     2 ||     2
  Use: Potion            |     1 |       |     1 |     1 ||     3
       Scroll            |       |     3 |     8 |       ||    11
Armor: Scale mail        |    35 |   111 |   184 |       ||   330
       Chain mail        |       |       |    23 |   182 ||   205
Dodge: Dodged            |    42 |   111 |   142 |    94 ||   389
Block: Buckler           |    12 |    42 |    71 |    37 ||   162

Table legend: (Time is in decaauts)
 A = Elapsed time spent in this place.
 B = Non-inter-level travel time spent in this place.
 C = Inter-level travel time spent in this place.
 D = Time resting spent in this place.
 E = Time spent auto-exploring this place.
 F = Levels seen in this place.
 G = Mean time per level.
                   A        B        C        D        E       F      G
               +--------+--------+--------+--------+--------+-----+--------+
         Total |  10738 |  10206 |    532 |   1525 |   6791 |  10 | 1073.8 |
       Dungeon |  10665 |  10165 |    500 |   1525 |   6757 |   9 | 1185.0 |
        Temple |     72 |     41 |     31 |      0 |     34 |   1 |   72.0 |
               +--------+--------+--------+--------+--------+-----+--------+

Top non-repeatable levels by time:
     D:5: 2551 daAuts
     D:8: 1873 daAuts
     D:7: 1636 daAuts
     D:6: 1276 daAuts
     D:2: 1001 daAuts
     D:3: 955 daAuts
     D:1: 951 daAuts
     D:4: 344 daAuts
     D:9: 77 daAuts
  Temple: 72 daAuts
